 Dungeon Crawl Stone Soup version 0.28-a0-664-gc179e30c89 (webtiles) character file.

Game seed: 966642506132482167

80 siradein the Covered (level 4, -1/29 HPs)
             Began as a Gargoyle Fighter on Oct 16, 2021.
             Shot with an arrow by a centaur (8 damage)
             ... on level 6 of the Dungeon.
             The game lasted 00:03:25 (1971 turns).

siradein the Covered (Gargoyle Fighter)             Turns: 1971, Time: 00:03:26

Health: -1/29      AC: 10    Str: 20    XL:     4   Next: 39%
Magic:  4/4        EV:  9    Int:  9    God:
Gold:   41         SH:  4    Dex:  9    Spells: 3/3 levels left

rFire   . . .      SeeInvis .   a - +0 long sword
rCold   . . .      Faith    .   c - +0 buckler
rNeg    + . .      Spirit   .   b - +0 scale mail
rPois   ∞          Reflect  .   (no helmet)
rElec   +          Harm     .   (no cloak)
rCorr   .          Rampage  .   (no gloves)
Will    .....                   (no boots)
Stlth   ..........              (no amulet)
HPRegen 0.09/turn               (no ring)
MPRegen 0.09/turn               (no ring)

@: no status effects
A: sickness immunity, AC +3, negative energy resistance 1, electricity
resistance, torment resistance 1, petrification resistance
a: no special abilities


You were on level 6 of the Dungeon.
You visited 1 branch of the dungeon, and saw 4 of its levels.

You collected 41 gold pieces.

Inventory:

Hand Weapons
 a - a +0 long sword (weapon)
Missiles
 f - 7 javelins (quivered)
Armour
 b - a +0 scale mail (worn)
 c - a +0 buckler (worn)
Jewellery
 j - a ring of fire
Scrolls
 g - a scroll of teleportation
 i - a scroll of immolation
 m - a scroll of acquirement {unknown}
Potions
 d - a potion of might
 e - a potion of brilliance {unknown}
 h - a potion of cancellation {unknown}
 k - 2 potions of heal wounds
 l - a potion of mutation {unknown}


   Skills:
 + Level 3.9 Fighting
 + Level 2.5 Long Blades
 + Level 4.0 Armour
 + Level 4.0 Shields


You had 3 spell levels left.
You didn't know any spells.
Your spell library was empty.

Dungeon Overview and Level Annotations

Branches:
Dungeon (3/15)

Altars:

Shops:
D:1 [(*


Innate Abilities, Weirdness & Mutations

You are immune to sickness and miasma.
Your stone body is resilient. (AC +3)
You are immune to poison.
You resist negative energy. (rN+)
You are resistant to electric shocks. (rElec)
You are resistant to unholy torment.
You are immune to petrification.


Message History

HP restored.
j - a ring of fire
Things that are here:
a +0 club; a +0 leather armour You fall into a shaft and drop 3 floors!
The shaft crumbles and collapses.
You hear the hiss of flowing sand.
There is an entrance to an ossuary on this level.
Hurry and find it before the portal is buried!
An orc, 2 centaurs, a white imp, an ufetubus, a zombie and a skeleton come into view.
The centaur shouts! x2; The ufetubus shouts!
The orc shouts!
Found eight items.
The centaur wields a +0 shortbow.
The centaur shoots an arrow.
The arrow hits you.
The killer bee zombie barely misses you.
The killer bee zombie hits you but does no damage.
The killer bee zombie barely misses you.
The killer bee zombie hits you. The killer bee zombie hits you.
Found 22 stones.
The killer bee zombie hits you but does no damage.
An ogre comes into view. It is wielding a +0 giant club.
The bullfrog skeleton barely misses you.
You open the door.
The ogre shouts!
You block the killer bee zombie's attack.
The bullfrog skeleton hits you. The white imp hits you.
The white imp freezes you.
Found a garnet ring.
A bullfrog comes into view.
The centaur shoots an arrow.
The arrow hits you but does no damage. The white imp gestures at you.
The puff of frost hits you but does no damage.
There is an open door here.
The centaur shoots an arrow.
The arrow hits you.
The centaur shoots an arrow.
The arrow hits you but does no damage.
The centaur shoots an arrow.
The arrow hits you.
The centaur shoots an arrow.
The arrow hits you.
* * * LOW HITPOINT WARNING * * *
The centaur shoots an arrow.
The arrow hits you!
You die...

#######
###..c55#
##...###Z###
#.@###Z..O.#
#.##.5c.#....#
#..#....Z#=....#
#.##...#####...#
#.#......# ....#
+.#..(..c# ...#
# #(.....(..
..(# #.....[.[.
#..........


You could see a centaur and a white imp.

Vanquished Creatures
  2 adders (D:2)
  A dart slug (D:2)
  An orc (D:3)
  4 ball pythons (D:2)
  4 endoplasms (D:1)
  4 giant cockroaches
  6 goblins
  5 hobgoblins
  5 jackals (D:1)
  7 kobolds
  3 quokkas
  3 bats
  3 frilled lizards
  2 rats
50 creatures vanquished.

Notes
Turn   | Place    | Note
-------+----------+-------------------------------------------
     0 | D:1      | siradein the Gargoyle Fighter began the quest for the Orb.
     0 | D:1      | Reached XP level 1. HP: 14/14 MP: 1/1
    79 | D:1      | Found Mezew's General Store.
    82 | D:1      | Found Refen's Weapon Shop.
    89 | D:1      | Reached XP level 2. HP: 19/19 MP: 2/2
   476 | D:1      | Found Guedon's Antique Armour Emporium.
   535 | D:1      | Reached XP level 3. HP: 23/23 MP: 3/3
   736 | D:1      | Found a faded altar of an unknown god.
  1302 | D:2      | Reached XP level 4. HP: 29/29 MP: 4/4
  1957 | D:3      | You fall into a shaft and drop 3 floors!
  1957 | D:6      | Noticed a centaur
  1957 | D:6      | Noticed a centaur
  1962 | D:6      | Noticed an ogre
  1964 | D:6      | Noticed a bullfrog
  1971 | D:6      | Shot with an arrow by a centaur

Illustrated notes

Levels and vault maps discovered:
D:1:      mrwooster_arrival_statue, layout_rooms,
          hellmonk_ecumenical_altar_heavens_door, serial_shops,
          nicolae_shop_temple_entry_statues_fountains, shop,
          nicolae_diamond_shop
D:2:      layout_basic, minmay_misc_feat_secret_circle
D:3:      layout_loops_ring, serial_shops, shop, uniq_jessica, uniq_natasha
D:6:      layout_basic, mainiacjoe_overflow_six_doors_small,
          nicolae_uskayaw_murder_on_the_dancefloor,
          minmay_temple_entry_overgrown, nicolae_ossuary_entry_giza,
          gammafunk_ghost_stat_death, grunt_potential

Skill      XL: |  1  2  3  4 |
---------------+-------------+-----
Long Blades    | 2 |  2.5
Armour         | 4 |  4.0
Shields        | 4 |  4.0
Fighting       | |  3.9

Action                   |  1- 3 |  4- 6 || total
-------------------------+-------+-------++-------
Melee: Long sword        |   127 |    54 ||   181
  Use: Scroll            |       |     3 ||     3
Armor: Scale mail        |    84 |    28 ||   112
Dodge: Dodged            |    82 |    35 ||   117
Block: Buckler           |    28 |     9 ||    37

Table legend: (Time is in decaauts)
 A = Elapsed time spent in this place.
 B = Non-inter-level travel time spent in this place.
 C = Inter-level travel time spent in this place.
 D = Time resting spent in this place.
 E = Time spent auto-exploring this place.
 F = Levels seen in this place.
 G = Mean time per level.
                   A        B        C        D        E       F      G
               +--------+--------+--------+--------+--------+-----+--------+
         Total |   2024 |   1982 |     42 |      0 |   1534 |   4 |  506.0 |
       Dungeon |   2024 |   1982 |     42 |      0 |   1534 |   4 |  506.0 |
               +--------+--------+--------+--------+--------+-----+--------+

Top non-repeatable levels by time:
     D:2: 1065 daAuts
     D:1: 906 daAuts
     D:3: 38 daAuts
     D:6: 13 daAuts
